 Seeded DCSS version 0.27.1 (webtiles) character file.

Game seed: 1639425997011667752 (custom seed)

153 calewdscratch the Sneak (level 5, -1/28 HPs)
             Began as a Kobold Enchanter on Sept 1, 2021.
             Slain by a gnoll (7 damage)
             ... on level 3 of the Dungeon.
             The game lasted 00:35:19 (4238 turns).

calewdscratch the Sneak (Kobold Enchanter)          Turns: 4238, Time: 00:35:19

Health: -1/28      AC:  3    Str:  6    XL:     5   Next: 61%
Magic:  0/8        EV: 15    Int: 16    God:
Gold:   100        SH:  0    Dex: 16    Spells: 6/9 levels left

rFire    x . .     SeeInvis .   a - +1 dagger
rCold    + . .     Faith    .   (shield restricted)
rNeg     . . .     Spirit   .   b - +0 robe
rPois    .         Reflect  .   (no helmet)
rElec    .         Harm     .   (no cloak)
rCorr    .         Rampage  .   f - +0 pair of gloves
Will     .....                  (no boots)
Stlth    ++++......             (no amulet)
HPRegen  0.09/turn              k - +4 ring of slaying
MPRegen  0.11/turn              e - ring of ice

@: very slightly contaminated
A: small, no large weapons, nightstalker 3
a: no special abilities


You were on level 3 of the Dungeon.
You visited 1 branch of the dungeon, and saw 3 of its levels.

You collected 100 gold pieces.

Inventory:

Hand Weapons
 a - a +1 dagger (weapon)
 c - a +0 short sword
Missiles
 n - 16 bolts
 o - 37 arrows
Armour
 b - a +0 robe (worn)
 f - a +0 pair of gloves (worn)
 t - a +0 leather armour
Jewellery
 e - a ring of ice (right hand)
 g - a ring of flight
 k - a +4 ring of slaying (left hand)
Scrolls
 d - 2 scrolls of identify {unknown}
 j - a scroll of summoning {unknown}
 p - a scroll of enchant armour {unknown}
 u - a scroll of immolation {unknown}
Potions
 h - 4 potions of lignification {!q Lignification, unknown}
 i - a potion of degeneration {unknown}
 l - a potion of might {unknown}
 m - 2 potions of mutation {!q Mutation, unknown}
 q - a potion of attraction {unknown}
 r - a potion of haste {unknown}
 s - a potion of flight {unknown}
 v - a potion of invisibility {unknown}


   Skills:
 - Level 4.0 Short Blades
 - Level 2.4 Dodging
 - Level 6.0 Stealth
 + Level 2.5 Spellcasting
 * Level 3.3 Hexes
 * Level 1.4 Ice Magic


You had 6 spell levels left.
You knew the following spells:

 Your Spells              Type           Power      Damage    Failure   Level
a - Corona                Hex            13%        N/A       4%          1
b - Ensorcelled Hibernat  Hex/Ice        28%        N/A       12%         2

Your spell library contained the following spells:

 Spells                   Type           Power      Damage    Failure   Level
 Confusing Touch          Hex            12%        N/A       16%         3
 Tukima's Dance           Hex            12%        N/A       16%         3
 Dazzling Flash           Conj/Hex       14%        N/A       30%         3


Dungeon Overview and Level Annotations

Branches:
Dungeon (3/15)

Altars:
Fedhas
Gozag
Trog
Wu Jian
Yredelemnul
Zin

Shops:
D:3 [

Annotations:
D:3 1 runed translucent door


Innate Abilities, Weirdness & Mutations

You are small and have problems with some larger weapons.
You are completely attuned to the shadows.


Message History

Aiming: Ensorcelled Hibernation (safe; 12% risk of failure)
Press: ? - help, Shift-Dir - straight line, f - gnoll
Aim: a gnoll, wielding a +0 halberd (chance to affect: 53%)
You feel a surge of power!
The gnoll resists with significant effort.
The gnoll hits you from afar with a +0 halberd!
* * * LOW HITPOINT WARNING * * *
Casting: Ensorcelled Hibernation (safe; 12% risk of failure)
Confirm with . or Enter, or press ? or * to list all spells.
Aiming: Ensorcelled Hibernation (safe; 12% risk of failure)
Press: ? - help, Shift-Dir - straight line, f/p - gnoll
Aim: a gnoll, wielding a +0 halberd (chance to affect: 53%)
You feel a surge of power!
The gnoll resists with significant effort.
Casting: Ensorcelled Hibernation (safe; 12% risk of failure)
Confirm with . or Enter, or press ? or * to list all spells.
Aiming: Ensorcelled Hibernation (safe; 12% risk of failure)
Press: ? - help, Shift-Dir - straight line, f/p - gnoll
Aim: a gnoll, wielding a +0 halberd (chance to affect: 53%)
You feel a surge of power!
You miscast Ensorcelled Hibernation.
You are very lightly contaminated with residual magic.
Nothing appears to happen.
Casting: Ensorcelled Hibernation (safe; 12% risk of failure)
Confirm with . or Enter, or press ? or * to list all spells.
Aiming: Ensorcelled Hibernation (safe; 12% risk of failure)
Press: ? - help, Shift-Dir - straight line, f - gnoll, p - gnoll
Aim: a gnoll, wielding a +0 flail (chance to affect: 53%)
You feel a surge of power!
The gnoll looks drowsy...
The gnoll barely misses you.
The gnoll shouts!
Items here: )) [ ÷÷.
The gnoll shouts!
You hit the gnoll.
The gnoll is heavily wounded.
The gnoll hits you with a +0 flail.
* * * LOW HITPOINT WARNING * * *
You hit the gnoll.
The gnoll is severely wounded.
The gnoll hits you from afar with a +0 halberd!
You die...

≈≈≈≈≈....≈≈♣.....................
P≈≈P≈≈..≈≈♣♣.....................
≈≈≈≈≈≈...≈♣#.##############[.....
♣≈≈≈≈≈...♣.#.# ####### #.#####
♣≈≈P≈P...###.# #.....# #.#....
♣♣≈P≈≈.......# #.....# #.#.###
.≈≈≈≈≈..#.#### #.....# #.#.#
#♣≈≈≈♣###.# #######g....###.#.#
..♣≈♣.. ..# #...@gg...........#
###≈####### #)#####.....###.#####
..### #.# #......##...... .(#
####.##########⌠.⌠###### ..#
#........# #.∩.###### ..#
#........# #⌠.⌠...... ..#
##........# ##........ ..#
#........## #........ ..#
#........# #........


You could see 3 gnolls.

Vanquished Creatures
  Jessica (D:3)
  Terence (D:3)
  3 adders
  A worm (D:2)
  2 dart slugs
  3 orcs (D:3)
  10 endoplasms
  A giant cockroach (D:2)
  3 goblins
  3 hobgoblins
  6 jackals
  6 quokkas
  9 ball pythons
  9 bats
  2 frilled lizards (D:1)
  A kobold (D:1)
  3 rats
64 creatures vanquished.

Vanquished Creatures (others)
  3 plants (D:3)
3 creatures vanquished.

Grand Total: 67 creatures vanquished

Notes
Turn   | Place    | Note
-------+----------+-------------------------------------------
     0 | D:1      | calewdscratch the Kobold Enchanter began the quest for the
                  | Orb.
     0 | D:1      | Reached XP level 1. HP: 10/10 MP: 3/3
   235 | D:1      | Found a faded altar of an unknown god.
   479 | D:1      | Reached XP level 2. HP: 9/15 MP: 3/5
  1360 | D:1      | Reached XP level 3. HP: 19/19 MP: 6/6
  1610 | D:1      | Learned a level 2 spell: Ensorcelled Hibernation
  1710 | D:1      | Reached skill level 5 in Stealth
  2132 | D:2      | Reached XP level 4. HP: 24/24 MP: 7/7
  3363 | D:3      | Found a runed translucent door.
  3400 | D:3      | Found Ypuck's Armour Boutique.
  3657 | D:3      | Noticed Jessica
  3663 | D:3      | Killed Jessica
  3664 | D:3      | Reached XP level 5. HP: 28/28 MP: 8/8
  3765 | D:3      | Reached skill level 6 in Stealth
  3765 | D:3      | Reached skill level 1 in Ice Magic
  3969 | D:3      | Noticed Terence
  3989 | D:3      | Killed Terence
  4195 | D:3      | Found a basalt altar of Yredelemnul.
  4196 | D:3      | Found a blossoming altar of Fedhas.
  4206 | D:3      | Found an ornate altar of the Wu Jian Council.
  4206 | D:3      | Found a bloodstained altar of Trog.
  4208 | D:3      | Found an opulent altar of Gozag.
  4209 | D:3      | Found a glowing silver altar of Zin.
  4238 | D:3      | Slain by a gnoll

Illustrated notes

Levels and vault maps discovered:
D:1:      dpeg_arrival_simpleton_a, layout_loops_cross,
          ebering_ecumenical_altar_sacrificial
D:2:      layout_basic, solitary_fountain, supply_closet_lemuel,
          hangedman_decor_points, st_stairs_14, grunt_decor_mini_mirrors,
          minmay_pentomino_v2
D:3:      layout_basic, grunt_temple_overflow_open,
          ebering_ghost_reflecting_pool, serial_shops, shop_fountains,
          serial_bayou_ford_a, uniq_jessica, uniq_terence

Skill      XL: |  1  2  3  4  5 |
---------------+----------------+-----
Short Blades   | 2 3 4 |  4.0
Stealth        | 5 6 |  6.0
Ice Magic      | 1 |  1.4
Dodging        | |  2.4
Spellcasting   | |  2.5
Hexes          | |  3.3

Action                   |  1- 3 |  4- 6 || total
-------------------------+-------+-------++-------
Melee: Dagger            |    93 |    44 ||   137
 Cast: Corona            |     7 |       ||     7
       Ensorcelled Hiber |     2 |    21 ||    23
 Stab: Sleeping          |    21 |    22 ||    43
Armor: Robe              |    17 |     6 ||    23
Dodge: Dodged            |    65 |    23 ||    88
